TOP OF THE 1ST |
Bakersfield Bears batting - Pitching for Salinas Fire Frogs : LHP Ricardo Franco
|
Pitching: LHP Ricardo Franco
|
|
Batting: RHB Jack Lopez
|
0-0: Foul Ball, location: 2F 0-1: Ball 1-1: Ball 2-1: Swinging Strike 2-2: SINGLE (Line Drive, 8LS, EV 98.1 MPH)
|
Batting: LHB Jim Eppard
|
0-0: Ball Wild Pitch! Jack Lopez to second 1-0: Ground out 4-3 (Groundball, 4, EV 105.6 MPH) Jack Lopez to third
|
Batting: LHB Benny Distefano
|
0-0: Called Strike 0-1: Ground out 4-3 (Groundball, 4S, EV 83.1 MPH) Jack Lopez scores
|
Batting: RHB Steve Buechele
|
0-0: Ball 1-0: Swinging Strike 1-1: Ball 2-1: Ball 3-1: Base on Balls
|
Batting: RHB Aaron Cain
|
0-0: Reached on error, E4 (Groundball, 4, EV 81.3 MPH) Steve Buechele to third
|
Batting: RHB Antonio Alicea
|
0-0: Ball 1-0: Ball 2-0: Called Strike 2-1: Foul Ball, location: 2F 2-2: Ball 3-2: Ground out 1-3 (Groundball, 13, EV 67.5 MPH)
|
Top of the 1st over - 1 run, 1 hit, 1 error, 2 left on base; Bakersfield 1 - Salinas 0 |
BOTTOM OF THE 1ST |
Salinas Fire Frogs batting - Pitching for Bakersfield Bears : RHP Bradley Barclay
|
Pitching: RHP Bradley Barclay
|
|
Batting: RHB Bobby Morin
|
0-0: Called Strike 0-1: Ball 1-1: Ball 2-1: Swinging Strike 2-2: Foul Ball, location: 2F 2-2: Ball 3-2: Foul Ball, location: 2F 3-2: Base on Balls
|
Batting: RHB Carlos Urias
|
0-0: Called Strike 0-1: Ball 1-1: Foul Ball, location: 2F 1-2: Ball 2-2: Foul Ball, location: 2F 2-2: Foul Ball, location: 2F 2-2: Ball 3-2: Grounds into double play, 6-4-3 (Groundball, 6, EV 105.0 MPH)
|
Batting: RHB Kevin Mitchell
|
0-0: Ground out 5-3 (Groundball, 56S, EV 82.5 MPH)
|
Bottom of the 1st over - 0 runs, 0 hits, 0 errors, 0 left on base; Bakersfield 1 - Salinas 0 |
TOP OF THE 2ND |
Bakersfield Bears batting - Pitching for Salinas Fire Frogs : LHP Ricardo Franco
|
Batting: RHB Preston Williams
|
0-0: Called Strike 0-1: Ball 1-1: Ball 2-1: Ball 3-1: Base on Balls
|
Batting: RHB Jeff Rutledge
|
0-0: Called Strike 0-1: Ball 1-1: Fly out, F8 (Flyball, 8LXD, EV 93.1 MPH)
|
Batting: RHB Michael Williams
|
0-0: Grounds into double play, 6-4-3 (Groundball, 6, EV 88.1 MPH)
|
Top of the 2nd over - 0 runs, 0 hits, 0 errors, 0 left on base; Bakersfield 1 - Salinas 0 |
BOTTOM OF THE 2ND |
Salinas Fire Frogs batting - Pitching for Bakersfield Bears : RHP Bradley Barclay
|
Batting: RHB Jason Felice
|
0-0: Foul Ball, location: 2F 0-1: Ball 1-1: Ball 2-1: Foul Ball, location: 2F 2-2: Reached on error, E6 (Groundball, 6, EV 108.1 MPH)
|
Batting: RHB Bruce Morrison
|
0-0: Called Strike Jason Felice is caught stealing 2nd base 2-4 0-1: Ball 1-1: Foul Ball, location: 2F 1-2: Ball 2-2: Foul Ball, location: 2F 2-2: SINGLE (Line Drive, 8LS, EV 114.4 MPH)
|
Batting: LHB Charles McGehee
|
0-0: Ball 1-0: Called Strike 1-1: Ball 2-1: SINGLE (Groundball, 4MD, EV 95.0 MPH) Bruce Morrison to second
|
Batting: RHB Jordan Chavez
|
0-0: Called Strike 0-1: Fly out, F9 (Line Drive, 9, EV 98.8 MPH)
|
Batting: RHB Leon Doak
|
0-0: Ball 1-0: Ball 2-0: Called Strike 2-1: Foul Ball, location: 2F 2-2: Ball 3-2: Foul Ball, location: 2F 3-2: SINGLE (Line Drive, 89S, EV 100.0 MPH) Bruce Morrison to third Charles McGehee to second Bruce Morrison scores Charles McGehee to third
|
Batting: RHB Joe Portale
|
0-0: Ball 1-0: Foul Ball, location: 2F 1-1: Ball 2-1: Fly out, F9 (Flyball, 9D, EV 98.8 MPH)
|
Bottom of the 2nd over - 1 run, 3 hits, 1 error, 2 left on base; Bakersfield 1 - Salinas 1 |
TOP OF THE 3RD |
Bakersfield Bears batting - Pitching for Salinas Fire Frogs : LHP Ricardo Franco
|
Batting: RHB Jack Lopez
|
0-0: Ball 1-0: Called Strike 1-1: Ball 2-1: Called Strike 2-2: Ball 3-2: Foul Ball, location: 2F 3-2: Foul Ball, location: 2F 3-2: Base on Balls
|
Batting: LHB Jim Eppard
|
0-0: Ball 1-0: SINGLE (Line Drive, 6D, EV 95.0 MPH) Jack Lopez to second
|
Batting: LHB Benny Distefano
|
0-0: Called Strike 0-1: SINGLE (Line Drive, 78M, EV 103.1 MPH) Jack Lopez to third Jim Eppard to second
|
Batting: RHB Steve Buechele
|
0-0: Ball 1-0: Ball 2-0: Called Strike 2-1: SINGLE (Line Drive, 78S, EV 103.1 MPH) Jack Lopez scores Jim Eppard to third Benny Distefano to second
|
Batting: RHB Aaron Cain
|
0-0: Called Strike 0-1: Ball 1-1: Fielders Choice at 2nd, 6-4 (Groundball, 6, EV 86.3 MPH) Jim Eppard scores Benny Distefano to third
|
Batting: RHB Antonio Alicea
|
0-0: Called Strike Aaron Cain steals 2nd base 0-1: Ball 1-1: Foul Ball, location: 2F 1-2: Ball 2-2: Foul Ball, location: 2F 2-2: Ball 3-2: SINGLE (Line Drive, 3D, EV 101.3 MPH) Benny Distefano scores Aaron Cain to third
|
Batting: RHB Preston Williams
|
0-0: Called Strike 0-1: Swinging Strike 0-2: Ball 1-2: DOUBLE (Flyball, 8RD, EV 91.3 MPH) Aaron Cain scores Antonio Alicea to third
|
Batting: RHB Jeff Rutledge
|
0-0: Ball 1-0: Called Strike 1-1: Fly out, F4 (Popup, 4S, EV 71.3 MPH)
|
Batting: RHB Michael Williams
|
0-0: Fly out, F4 (Flyball, 3D, EV 76.3 MPH)
|
Top of the 3rd over - 4 runs, 5 hits, 0 errors, 2 left on base; Bakersfield 5 - Salinas 1 |
BOTTOM OF THE 3RD |
Salinas Fire Frogs batting - Pitching for Bakersfield Bears : RHP Bradley Barclay
|
Batting: RHB Bobby Morin
|
0-0: Called Strike 0-1: Ground out 5-3 (Groundball, 56S, EV 88.1 MPH)
|
Batting: RHB Carlos Urias
|
0-0: SINGLE (Line Drive, 34D, EV 107.5 MPH)
|
Batting: RHB Kevin Mitchell
|
0-0: Called Strike 0-1: Foul Ball, location: 2F 0-2: Fly out, F9 (Flyball, 89S, EV 86.3 MPH)
|
Batting: RHB Jason Felice
|
0-0: Called Strike 0-1: Fly out, F9 (Line Drive, 9, EV 106.9 MPH)
|
Bottom of the 3rd over - 0 runs, 1 hit, 0 errors, 1 left on base; Bakersfield 5 - Salinas 1 |
TOP OF THE 4TH |
Bakersfield Bears batting - Pitching for Salinas Fire Frogs : LHP Ricardo Franco
|
Batting: RHB Jack Lopez
|
0-0: Called Strike 0-1: Ball 1-1: Ball 2-1: Ball 3-1: Base on Balls
|
Batting: LHB Jim Eppard
|
0-0: Ball 1-0: Ball 2-0: Ball 3-0: Called Strike 3-1: Foul Ball, location: 2F 3-2: Foul Ball, location: 2F 3-2: Fly out, F4 (Line Drive, 4, EV 64.4 MPH)
|
Batting: LHB Benny Distefano
|
0-0: Fly out, F7 (Flyball, 7D, EV 97.5 MPH)
|
Batting: RHB Steve Buechele
|
0-0: Called Strike 0-1: Called Strike 0-2: Ball 1-2: Fly out, F8 (Flyball, 89D, EV 96.9 MPH)
|
Top of the 4th over - 0 runs, 0 hits, 0 errors, 1 left on base; Bakersfield 5 - Salinas 1 |
BOTTOM OF THE 4TH |
Salinas Fire Frogs batting - Pitching for Bakersfield Bears : RHP Bradley Barclay
|
Batting: RHB Bruce Morrison
|
0-0: Called Strike 0-1: Ball 1-1: Ball 2-1: Swinging Strike 2-2: Foul Ball, location: 2F 2-2: Ground out 6-3 (Groundball, 6, EV 89.4 MPH)
|
Batting: LHB Charles McGehee
|
0-0: Called Strike 0-1: Ball 1-1: Called Strike 1-2: Strikes out swinging
|
Batting: RHB Jordan Chavez
|
0-0: Called Strike 0-1: Foul Ball, location: 2F 0-2: DOUBLE (Flyball, 8RXD, EV 99.4 MPH)
|
Batting: RHB Leon Doak
|
0-0: Foul Ball, location: 2F 0-1: Ball 1-1: Foul Ball, location: 2F 1-2: Ball 2-2: Ball 3-2: Reached on error, E4 (Groundball, 4, EV 81.9 MPH) Jordan Chavez to third
|
Batting: RHB Joe Portale
|
0-0: Reached on error, E6 (Groundball, 6, EV 96.9 MPH) Jordan Chavez scores Leon Doak to second
|
Batting: RHB Bobby Morin
|
0-0: Ball 1-0: Called Strike 1-1: Ball 2-1: Fly out, F8 (Flyball, 89D, EV 87.5 MPH)
|
Bottom of the 4th over - 1 run, 1 hit, 2 errors, 2 left on base; Bakersfield 5 - Salinas 2 |
TOP OF THE 5TH |
Bakersfield Bears batting - Pitching for Salinas Fire Frogs : LHP Ricardo Franco
|
Batting: RHB Aaron Cain
|
0-0: Ground out 4-3 (Groundball, 4MS, EV 87.5 MPH)
|
Batting: RHB Antonio Alicea
|
0-0: Foul Ball, location: 2F 0-1: Foul Ball, location: 2F 0-2: Ball 1-2: SINGLE (Line Drive, 78S, EV 93.1 MPH)
|
Batting: RHB Preston Williams
|
0-0: Called Strike 0-1: Foul Ball, location: 2F 0-2: Fly out, F8 (Line Drive, 8LM, EV 93.1 MPH)
|
Batting: RHB Jeff Rutledge
|
0-0: Ball 1-0: Ball 2-0: Ball 3-0: Called Strike 3-1: DOUBLE (Line Drive, 5D, EV 93.8 MPH) Antonio Alicea to third Runner from 3rd tries for Home, SAFE, throw by LF to home
|
Pitching: RHP Thomas Schneider
|
|
Batting: RHB Michael Williams
|
0-0: Called Strike 0-1: Ball 1-1: Called Strike 1-2: Ground out 5-3 (Groundball, 56S, EV 80.6 MPH)
|
Top of the 5th over - 1 run, 2 hits, 0 errors, 1 left on base; Bakersfield 6 - Salinas 2 |
BOTTOM OF THE 5TH |
Salinas Fire Frogs batting - Pitching for Bakersfield Bears : RHP Bradley Barclay
|
Batting: RHB Carlos Urias
|
0-0: Ball 1-0: Ball 2-0: Ball 3-0: Called Strike 3-1: Foul Ball, location: 2F 3-2: Foul Ball, location: 2F 3-2: Base on Balls
|
Batting: RHB Kevin Mitchell
|
0-0: Called Strike 0-1: Swinging Strike 0-2: Ball 1-2: Fly out, F6 (Flyball, 56D, EV 87.5 MPH)
|
Batting: RHB Jason Felice
|
0-0: Foul Ball, location: 2F 0-1: Ball 1-1: Foul Ball, location: 2F 1-2: Foul Ball, location: 2F 1-2: Ball 2-2: SINGLE (Line Drive, 9S, EV 86.3 MPH) Carlos Urias to second Runner from 2nd tries for 3rd, SAFE, throw by RF made to third
|
Batting: RHB Bruce Morrison
|
0-0: Ball 1-0: Ball 2-0: Foul Ball, location: 2F 2-1: Ground out 5-3 (Groundball, 56S, EV 86.9 MPH) Jason Felice to second
|
Batting: LHB Charles McGehee
|
0-0: Ball 1-0: Ground out 5-3 (Groundball, 56, EV 81.3 MPH)
|
Bottom of the 5th over - 0 runs, 1 hit, 0 errors, 2 left on base; Bakersfield 6 - Salinas 2 |
TOP OF THE 6TH |
Bakersfield Bears batting - Pitching for Salinas Fire Frogs : RHP Thomas Schneider
|
Batting: RHB Jack Lopez
|
0-0: Called Strike 0-1: Ball 1-1: Ball 2-1: Ball 3-1: Foul Ball, location: 2F 3-2: Base on Balls
|
Batting: LHB Jim Eppard
|
0-0: Swinging Strike 0-1: Foul Ball, location: 2F 0-2: Fly out, F6 (Popup, 6S, EV 77.5 MPH)
|
Batting: LHB Benny Distefano
|
0-0: Ball Jack Lopez steals 2nd base 1-0: Foul Ball, location: 2F 1-1: Swinging Strike 1-2: Foul Ball, location: 2F 1-2: TRIPLE (Flyball, 89XD, EV 102.5 MPH) Jack Lopez scores
|
Batting: RHB Steve Buechele
|
0-0: Called Strike 0-1: Ball 1-1: SINGLE (Line Drive, 78S, EV 92.5 MPH) Benny Distefano scores
|
Batting: RHB Aaron Cain
|
0-0: Ball 1-0: Called Strike 1-1: Swinging Strike 1-2: Strikes out swinging
|
Batting: RHB Antonio Alicea
|
0-0: Called Strike Pickoff Throw to First - Out! 1-3
|
Top of the 6th over - 2 runs, 2 hits, 0 errors, 0 left on base; Bakersfield 8 - Salinas 2 |
BOTTOM OF THE 6TH |
Salinas Fire Frogs batting - Pitching for Bakersfield Bears : RHP Bradley Barclay
|
Batting: RHB Jordan Chavez
|
0-0: Foul Ball, location: 2F 0-1: Ball 1-1: Swinging Strike 1-2: Ground out 5-3 (Groundball, 56, EV 86.3 MPH)
|
Batting: RHB Leon Doak
|
0-0: Swinging Strike 0-1: Foul Ball, location: 2F 0-2: Ball 1-2: Ball 2-2: DOUBLE (Line Drive, 9LM, EV 101.9 MPH)
|
Batting: RHB Joe Portale
|
0-0: Called Strike 0-1: Fly out, F7 (Flyball, 78S, EV 90.6 MPH)
|
Batting: RHB Bobby Morin
|
0-0: Foul Ball, location: 2F 0-1: Fly out, F8 (Flyball, 89M, EV 85.0 MPH)
|
Bottom of the 6th over - 0 runs, 1 hit, 0 errors, 1 left on base; Bakersfield 8 - Salinas 2 |
TOP OF THE 7TH |
Bakersfield Bears batting - Pitching for Salinas Fire Frogs : RHP Thomas Schneider
|
Batting: RHB Antonio Alicea
|
0-0: Ball 1-0: Ground out 4-3 (Groundball, 34D, EV 94.4 MPH)
|
Batting: RHB Preston Williams
|
0-0: Fly out, F7 (Flyball, 7S, EV 98.1 MPH)
|
Batting: RHB Jeff Rutledge
|
0-0: Ball 1-0: Called Strike 1-1: Ball 2-1: Foul Ball, location: 2F 2-2: Foul Ball, location: 2F 2-2: Foul Ball, location: 2F 2-2: Strikes out swinging
|
Top of the 7th over - 0 runs, 0 hits, 0 errors, 0 left on base; Bakersfield 8 - Salinas 2 |
BOTTOM OF THE 7TH |
Salinas Fire Frogs batting - Pitching for Bakersfield Bears : RHP Bradley Barclay
|
Batting: RHB Carlos Urias
|
0-0: Ball 1-0: Ball 2-0: Ground out 4-3 (Groundball, 4, EV 91.3 MPH)
|
Batting: RHB Kevin Mitchell
|
0-0: Ball 1-0: SINGLE (Line Drive, 7LM, EV 110.6 MPH)
|
Batting: RHB Jason Felice
|
0-0: Fly out, F3 (Popup, 3S, EV 68.1 MPH)
|
Batting: RHB Bruce Morrison
|
0-0: Foul Ball, location: 2F 0-1: SINGLE (Flyball, 5D, EV 92.5 MPH) Kevin Mitchell to second
|
Batting: LHB Charles McGehee
|
0-0: Ball 1-0: Foul Ball, location: 2F 1-1: Ball 2-1: Ball 3-1: Base on Balls Kevin Mitchell to third Bruce Morrison to second
|
Batting: RHB Jordan Chavez
|
0-0: Called Strike 0-1: SINGLE (Groundball, 6D, EV 98.8 MPH) Kevin Mitchell scores Bruce Morrison to third Charles McGehee to second Runner from 3rd tries for Home, SAFE, throw by LF to home
|
Batting: RHB Leon Doak
|
0-0: Fielders Choice at 2nd, 6-4 (Groundball, 6, EV 83.1 MPH)
|
Bottom of the 7th over - 2 runs, 3 hits, 0 errors, 2 left on base; Bakersfield 8 - Salinas 4 |
TOP OF THE 8TH |
Bakersfield Bears batting - Pitching for Salinas Fire Frogs : RHP Thomas Schneider
|
Batting: RHB Michael Williams
|
0-0: Ball 1-0: Ball 2-0: Called Strike 2-1: Foul Ball, location: 2F 2-2: Foul Ball, location: 2F 2-2: Foul Ball, location: 2F 2-2: Foul Ball, location: 2F 2-2: Ball 3-2: Base on Balls
|
Batting: RHB Jack Lopez
|
0-0: Ball 1-0: Ball 2-0: Fielders Choice at 2nd, 5-4 (Groundball, 5L, EV 84.4 MPH)
|
Batting: LHB Jim Eppard
|
0-0: Ball 1-0: Ball 2-0: SINGLE (Line Drive, 89S, EV 102.5 MPH) Jack Lopez to second
|
Pitching: RHP John Bulleri
|
|
Batting: LHB Benny Distefano
|
0-0: Ball 1-0: Ball 2-0: Fly out, F8 (Flyball, 8RM, EV 88.1 MPH)
|
Batting: RHB Steve Buechele
|
0-0: Ball 1-0: Ball 2-0: Called Strike 2-1: Foul Ball, location: 2F 2-2: Ball 3-2: DOUBLE (Line Drive, 3D, EV 104.4 MPH) Jack Lopez scores Jim Eppard to third Jim Eppard scores
|
Batting: RHB Aaron Cain
|
0-0: Ground out 3-1 (Groundball, 34, EV 102.5 MPH)
|
Top of the 8th over - 2 runs, 2 hits, 0 errors, 1 left on base; Bakersfield 10 - Salinas 4 |
BOTTOM OF THE 8TH |
Salinas Fire Frogs batting - Pitching for Bakersfield Bears : RHP Bradley Barclay
|
Batting: RHB Joe Portale
|
0-0: Ball 1-0: Ball 2-0: Foul Ball, location: 2F 2-1: Ball 3-1: Fly out, F9 (Flyball, 89D, EV 88.8 MPH)
|
Pitching: LHP Richard Cope
|
|
Batting: RHB Bobby Morin
|
0-0: Called Strike 0-1: Hit by Pitch
|
Batting: RHB Carlos Urias
|
0-0: Swinging Strike 0-1: Ball 1-1: Ball Passed Ball! Bobby Morin to second 2-1: Ball 3-1: Swinging Strike 3-2: Ground out 6-3 (Groundball, 6, EV 85.6 MPH) Bobby Morin to third
|
Batting: RHB Kevin Mitchell
|
0-0: Foul Ball, location: 2F 0-1: Swinging Strike 0-2: Ball 1-2: Ball 2-2: Ball 3-2: Reached on error, E5 (Groundball, 56, EV 90.6 MPH) Bobby Morin scores
|
Batting: RHB Jason Felice
|
0-0: Ball 1-0: Ball 2-0: Called Strike 2-1: Swinging Strike 2-2: Fielders Choice at 2nd, 6-4 (Groundball, 6, EV 88.1 MPH)
|
Bottom of the 8th over - 1 run, 0 hits, 1 error, 1 left on base; Bakersfield 10 - Salinas 5 |
TOP OF THE 9TH |
Bakersfield Bears batting - Pitching for Salinas Fire Frogs : RHP John Bulleri
|
Batting: RHB Antonio Alicea
|
0-0: Called Strike 0-1: Called Strike 0-2: Foul Ball, location: 2F 0-2: Fly out, F8 (Flyball, 78D, EV 85.0 MPH)
|
Batting: RHB Preston Williams
|
0-0: Fly out, F7 (Flyball, 7LM, EV 95.6 MPH)
|
Batting: RHB Jeff Rutledge
|
0-0: Fly out, F7 (Flyball, 7, EV 95.0 MPH)
|
Top of the 9th over - 0 runs, 0 hits, 0 errors, 0 left on base; Bakersfield 10 - Salinas 5 |
BOTTOM OF THE 9TH |
Salinas Fire Frogs batting - Pitching for Bakersfield Bears : LHP Richard Cope
|
Batting: RHB Bruce Morrison
|
0-0: Ball 1-0: Fly out, F6 (Popup, 6MS, EV 67.5 MPH)
|
Batting: LHB Charles McGehee
|
0-0: Ground out 5-3 (Groundball, 56, EV 76.3 MPH)
|
Batting: RHB Jordan Chavez
|
0-0: SINGLE (Line Drive, 34D, EV 106.3 MPH)
|
Batting: RHB Leon Doak
|
Pickoff Throw to First - Error! E1 Jordan Chavez to second 0-0: Ball 1-0: SINGLE (Groundball, 6MD, EV 103.1 MPH) Jordan Chavez to third
|
Batting: RHB Joe Portale
|
0-0: Called Strike 0-1: Called Strike 0-2: Ball 1-2: Ball 2-2: Ball 3-2: Base on Balls Leon Doak to second
|
Batting: RHB Bobby Morin
|
0-0: Ball 1-0: Called Strike 1-1: Fly out, F4 (Popup, 4, EV 60.0 MPH)
|
Bottom of the 9th over - 0 runs, 2 hits, 1 error, 3 left on base; Bakersfield 10 - Salinas 5 |
|